Map: Acid Plant LE

Players

TRiLoBiT - Winner!

  • Race: Terran Terran
  • League: Diamond
  • Spawn Location: 11:00

Woogie

  • Race: Zerg Zerg
  • League: Diamond
  • Spawn Location: 5:00

VOD

Have the link to the VOD?

Description

I get pulled apart by this mutli drop attack.

Time

  • Played on: Sept. 19, 2018, 9:25 p.m.
  • Length: 10:55
Show
View Real Time Build Order
Export as new Build Order

TRiLoBiT Terran - Winner!

Build Orders: MMM Bio 

Get SALT Encoding   

  12  0:01  SCV  
  13  0:13  SCV  
  14  0:17  Supply Depot  
  14  0:25  SCV  
  15  0:39  SCV  
  15  0:40  Barracks  
  16  0:47  Refinery  
  16  0:51  SCV  
  17  1:05  SCV  
  18  1:17  SCV  
  19  1:27  Marine  
  20  1:33  Orbital Command  
  20  1:42  Command Center  
  20  1:45  Marine  
  21  1:59  Supply Depot, SCV  
  22  2:04  Barracks Tech Lab  
  22  2:12  SCV  
  23  2:20  Barracks  
  23  2:23  Barracks  
  23  2:25  Stimpack  
  23  2:28  SCV  
  24  2:32  Marine  
  25  2:40  SCV  
  26  2:45  Refinery  
  26  2:48  Factory  
  26  2:53  Marine  
  27  3:05  SCV  
  28  3:12  Barracks Reactor x2  
  28  3:14  Orbital Command  
  28  3:18  SCV  
  29  3:30  SCV  
  29  3:34  Starport  
  30  3:35  Marine  
  30  3:40  SCV  
  32  3:42  SCV  
  32  3:44  Factory Reactor  
  33  3:48  Marine  
  33  3:49  Marine x3  
  33  3:52  SCV, Marine  
  33  3:54  Supply Depot, SCV  
  40  4:04  SCV  
  40  4:06  Supply Depot, SCV  
  40  4:08  Marine x4  
  46  4:15  Marine  
  47  4:26  SCV x2, Marine x4  
  47  4:28  Factory Tech Lab  
  53  4:32  Supply Depot  
  53  4:33  Marine  
  53  4:34  Medivac  
  53  4:35  Medivac  
  58  4:38  SCV  
  58  4:39  SCV  
  58  4:44  Marine x2  
  62  4:52  Combat Shield  
  62  4:53  SCV x2, Marine x2  
  62  4:56  Supply Depot  
  66  5:00  Refinery  
  66  5:08  Medivac  
  66  5:12  Refinery  
  68  5:20  SCV x2  
  70  5:29  Engineering Bay x2  
  70  5:31  Command Center  
  70  5:34  SCV x2  
  72  5:39  Marine x4  
  72  5:40  Marine  
  77  5:45  Supply Depot  
  77  5:59  Viking  
  74  6:08  Marine x5  
  74  6:10  SCV x2  
  81  6:14  Barracks  
  81  6:15  Barracks  
  79  6:34  Marine  
  79  6:35  Marine x4  
  76  6:59  Marine  
  76  7:00  Marine x4  
  75  7:13  Siege Tank, Orbital Command  
  75  7:14  Barracks Tech Lab  
  75  7:15  Barracks Reactor  
  78  7:17  Marine x2  
  78  7:18  Marine x3  
  82  7:27  Medivac x2  
  84  7:34  Concussive Shells  
  84  7:35  Marine  
  84  7:36  Marauder  
  87  7:43  SCV x2  
  89  7:45  Siege Tank, Terran Infantry Weapons Level 1, Terran Infantry Armor Level 1  
  89  7:51  Armory, Orbital Command  
  92  7:55  Factory  
  92  7:56  Marauder, Marine x2  
  92  7:57  Marauder  
  98  8:11  Command Center  
  98  8:13  Marine  
  98  8:14  Marine x2  
  101  8:21  Supply Depot x2  
  101  8:40  Factory Tech Lab  
  101  8:42  Siege Tank, SCV, Marine x6  
  101  8:43  Marauder x2, SCV  
  116  8:55  SCV  
  117  9:01  Marine  
  117  9:03  Missile Turret  
  117  9:05  Missile Turret x3  
  117  9:11  Marine  
  117  9:12  Marine  
  117  9:13  Marine x3  
  117  9:14  Marauder x2  
  122  9:18  Marine  
  116  9:29  Marine  
  108  9:31  Marine  
  95  9:42  SCV  
  95  9:43  SCV x2  
  96  9:47  Marine x2  
  96  9:48  Marine x5  
  102  10:07  Marine  
  102  10:08  Marauder x2, Marine x5  
  102  10:13  Unknown  
  112  10:30  Marine  
  112  10:31  Marauder x2, Marine x5  
Show
View Real Time Build Order
Export as new Build Order

Woogie Zerg 

Build Orders: Hatch First 

Get SALT Encoding   

  12  0:01  Drone  
  13  0:12  Overlord  
  13  0:17  Drone  
  14  0:31  Drone x2  
  16  0:36  Drone  
  17  0:54  Hatchery  
  17  0:56  Drone  
  17  1:11  Spawning Pool  
  17  1:12  Drone  
  17  1:15  Extractor  
  17  1:16  Drone  
  17  1:20  Drone  
  18  1:31  Drone  
  19  1:38  Overlord  
  19  1:58  Queen  
  19  1:59  Zergling x2  
  22  2:01  Drone  
  23  2:12  Queen  
  23  2:13  Drone x2  
  27  2:16  Metabolic Boost  
  27  2:22  Drone x2  
  29  2:31  Overlord  
  29  2:33  Drone  
  30  2:41  Drone  
  31  2:53  Drone x2  
  31  2:55  Drone  
  31  2:56  Hatchery  
  33  3:06  Overlord  
  33  3:10  Drone x3  
  36  3:18  Evolution Chamber x2  
  34  3:25  Drone x2  
  34  3:26  Drone x2  
  38  3:31  Queen  
  40  3:37  Extractor  
  40  3:38  Extractor  
  38  3:43  Drone x5  
  43  4:02  Zerg Ground Armor Level 1  
  43  4:09  Queen  
  45  4:22  Lair  
  45  4:26  Baneling Nest  
  44  4:33  Queen  
  44  4:34  Overlord x2  
  44  4:35  Overlord x2  
  46  4:42  Zerg Melee Weapons Level 1  
  46  4:45  Drone x4  
  50  5:00  Drone x3  
  50  5:02  Zergling x2  
  50  5:03  Zergling x12  
  60  5:28  Zergling x16  
  63  5:35  Overseer  
  68  5:37  Spire  
  68  5:38  Pneumatized Carapace, Queen  
  68  5:39  Queen  
  68  5:40  Overlord x3  
  67  6:12  Spire  
  67  6:13  Extractor  
  67  6:16  Zergling x2  
  67  6:17  Zergling x16  
  67  6:18  Zergling x4  
  75  6:21  Baneling x4  
  75  6:22  Baneling x3  
  75  6:23  Baneling  
  65  7:26  Drone x5  
  65  7:27  Drone x6  
  65  7:28  Drone x5  
  81  7:37  Spore Crawler  
  81  7:42  Spore Crawler  
  79  7:51  Spore Crawler  
  79  7:55  Hatchery  
  79  7:57  Mutalisk x6, Extractor  
  88  7:59  Extractor  
  88  8:02  Mutalisk  
  89  8:24  Drone x5  
  94  8:27  Overlord x2  
  94  8:28  Zerg Flyer Weapons Level 1  
  94  8:35  Infestation Pit  
  94  8:36  Zerg Flyer Armor Level 1  
  93  9:01  Baneling x6  
  93  9:02  Baneling x6  
  91  9:03  Baneling x2  
  82  9:35  Zergling x2  
  82  9:36  Zergling x16  
  74  9:55  Baneling x3  
  74  9:56  Baneling x5  
  74  9:58  Zergling x12  
  81  10:07  Zergling x4  
  81  10:10  Zergling x2  
Tags
 
Composition
MMM Bio
Matchup
TvZ
Spawn Locations
Cross Positions
Add a new tag
Caveats
  • Supply blocks, unpowered buildings, or Contaminate may cause inaccurate times.
  • Supply counts are checked every 10 seconds.